 Dungeon Crawl Stone Soup version 0.27-a0-1242-ge70438ac7b (webtiles) character file.

Game seed: 1855983959704823095

2643 Kinoniko the Cleaver (level 9, -2/67 HPs)
             Began as a Palentonga Berserker on June 9, 2021.
             Was an Elder of Trog.
             Slain by a hornet (8 damage)
             ... on level 7 of the Dungeon.
             The game lasted 00:09:13 (8369 turns).

Kinoniko the Cleaver (Palentonga Berserker)         Turns: 8369, Time: 00:09:14

Health: -2/67      AC: 14    Str: 24    XL:     9   Next: 35%
Magic:  0/9        EV:  6    Int:  8    God:    Trog [****..]
Gold:   525        SH:  6    Dex: 15    Spells: 8/8 levels left

rFire    . . .     SeeInvis +   i - +4 broad axe (elec)
rCold    . . .     Faith    .   u - +0 buckler
rNeg     . . .     Spirit   +   p - +0 chain mail
rPois    .         Reflect  .   (no helmet)
rElec    .         Harm     .   (no cloak)
rCorr    .         Rampage  .   (no gloves)
Will     .....                  (no barding)
Stlth    ..........             c - amulet of guardian spirit
HPRegen  0.21/turn              s - +6 ring of dexterity
MPRegen  0.11/turn              (no ring)

@: lethally poisoned (-2 -> -9), on berserk cooldown, slowed, studying Axes,
curled up, very slow
A: large, rugged brown scales 3, see invisible, deformed body, roll 1, armoured
tail, reflexive curl
a: Rolling Charge, Renounce Religion, Berserk, Trog's Hand, Brothers in Arms


You were on level 7 of the Dungeon.
You worshipped Trog.
Trog was greatly pleased with you.
You visited 1 branch of the dungeon, and saw 8 of its levels.

You collected 525 gold pieces.

Inventory:

Hand Weapons
 a - a +0 hand axe
 i - a +4 broad axe of electrocution (weapon)
 l - a +0 war axe of flaming
 q - a +0 broad axe
Missiles
 b - a throwing net
 w - a curare-tipped dart
Armour
 h - a +0 plate armour
 p - a +0 chain mail (worn)
 t - a scarf of invisibility
 u - a +0 buckler (worn)
Jewellery
 c - an amulet of guardian spirit (around neck)
 s - a +6 ring of dexterity (left hand)
Wands
 f - a wand of polymorph (10)
 k - a wand of iceblast (8)
Scrolls
 n - 3 scrolls of teleportation
 r - 3 scrolls of magic mapping
Potions
 d - a potion of invisibility {unknown}
 e - a potion of degeneration {unknown}
 g - 2 potions of haste
 j - 2 potions of heal wounds {unknown}
 o - 2 potions of flight {unknown}
 v - a potion of magic {unknown}


   Skills:
 - Level 3.0 Fighting
 * Level 13.2 Axes
 - Level 1.5 Armour
 - Level 1.5 Dodging
 * Level 6.4 Shields


You had 8 spell levels left.
You didn't know any spells.
Your spell library contained the following spells:

 Spells                   Type           Power      Damage    Failure   Level
 Animate Skeleton         Necr           0%         N/A       98%         1
 Apportation              Tloc           0%         N/A       98%         1
 Corona                   Hex            0%         N/A       98%         1
 Summon Small Mammal      Summ           0%         N/A       98%         1


Dungeon Overview and Level Annotations

Branches:
Dungeon (8/15)             Temple (0/1) D:6
   Lair: D:8-11

Altars:
Makhleb
Nemelex Xobeh
Okawaru
Yredelemnul
The Shining One


Innate Abilities, Weirdness & Mutations

You are completely covered in rugged brown scales. (AC +3, +7% HP)
You have supernaturally acute eyesight. (SInv)
Armour fits poorly on your strangely shaped body.
You can roll at nearby foes to attack.
You have a long armoured tail.
You curl defensively after being hit.


Message History

The hornet is moderately wounded.
You feel sick. The hornet stings you.
You feel as though you will be slow longer.
The hornet stings you!
You feel as though you will be slow longer.
Unknown command.
Unknown command.
You feel better.
The hornet stings you but does no damage.
The hornet stings you!
You are poisoned.
You feel as though you will be slow longer.
You feel better. The hornet stings you.
You are poisoned.
You feel as though you will be slow longer.
The hornet stings you but does no damage.
You feel better. The hornet stings you.
You are poisoned.
You feel as though you will be slow longer.
The hornet stings you!
You are more poisoned.
You feel as though you will be slow longer.
The hornet stings you.
You are lethally poisoned!
You feel as though you will be slow longer.
You feel better. The hornet stings you.
You feel as though you will be slow longer.
The hornet stings you.
You are poisoned.
You feel as though you will be slow longer.
Unknown command.
Unknown command.
Okay, then.
You fail to use your ability.
You feel very sick. The hornet stings you!
* * * LOW HITPOINT WARNING * * *
You feel as though you will be slow longer.
The hornet stings you!
You die...

###.##.####.##..# #.##.# #.#
#.#.##.# #.##..# #.##.# #.#
#.#.##.# #.##..# #.##.# #.#
#.#.##.####.##..#####.##)####.###
#.#.##.##.............##.##.....#
.................................
...............##.###.#####.#.#..
#.#.##.##...#####y###.#####.#.#..
#.#.............@...........#.#..
#.#.##.##....####.#.#..######.#..
...........).....................
#.#.##.##..#......#..............
.......................#####.###.
.............................# #.
..#.##.##..##.#####..#.#####.###.
..#.##.##..##.########.#####.....
...............#.....#.....######


You could see a hornet.

Vanquished Creatures
  Maggie (D:6)
  The ghost of PigKeeper the Conjurer, an amateur TeFE of Wu Jian (D:7)
  2 water moccasins
  3 orc warriors
  2 sky beasts
  A centaur (D:6)
  2 ogres
  A kobold brigand (D:7)
  A gnoll sergeant (D:5)
  3 scorpions
  2 bullfrog zombies
  2 centaur zombies
  3 bullfrog skeletons
  2 jellies
  3 orc priests
  4 hounds
  Jessica (D:2)
  4 iguanas
  2 orc wizards
  A hound skeleton (D:5)
  2 howler monkey skeletons
  5 gnolls (D:5)
  6 adders
  A shadow imp (D:7)
  A white imp (D:4)
  3 dart slugs
  4 worms
  29 orcs
  8 endoplasms
  2 giant cockroaches (D:1)
  3 hobgoblins
  14 kobolds
  5 quokkas
  11 ball pythons
  4 bats
  4 frilled lizards
  8 goblins
  8 rats
159 creatures vanquished.

Vanquished Creatures (others)
  3 orcs (D:4)
  A goblin (D:4)
4 creatures vanquished.

Grand Total: 163 creatures vanquished

Notes
Turn   | Place    | Note
-------+----------+-------------------------------------------
     0 | D:1      | Kinoniko the Palentonga Berserker began the quest for the
                  | Orb.
     0 | D:1      | Reached XP level 1. HP: 19/19 MP: 1/1
   338 | D:1      | Reached XP level 2. HP: 16/25 MP: 2/2
   891 | D:1      | Reached skill level 4 in Axes
  1079 | D:2      | Noticed Jessica
  1083 | D:2      | Killed Jessica
  1084 | D:2      | Reached XP level 3. HP: 22/31 MP: 1/3
  1232 | D:2      | Reached ** piety under Trog
  1443 | D:2      | Reached XP level 4. HP: 37/37 MP: 4/4
  1604 | D:2      | Reached skill level 5 in Axes
  2467 | D:3      | Found a faded altar of an unknown god.
  3072 | D:3      | Found a burning altar of Makhleb.
  3260 | D:3      | Reached XP level 5. HP: 36/43 MP: 3/5
  3532 | D:3      | Found a basalt altar of Yredelemnul.
  3535 | D:3      | Found a glowing golden altar of the Shining One.
  3648 | D:3      | Identified 2 scrolls of acquirement
  3649 | D:3      | Acquired a manual of Axes
  3651 | D:3      | Acquired a +3 broad axe of electrocution
  3664 | D:3      | Reached skill level 6 in Axes
  3716 | D:4      | Reached skill level 7 in Axes
  3856 | D:4      | Reached XP level 6. HP: 50/50 MP: 4/6
  3981 | D:4      | Reached skill level 8 in Axes
  3995 | D:4      | Found a sparkling altar of Nemelex Xobeh.
  4509 | D:5      | Entered Level 5 of the Dungeon
  4590 | D:5      | Reached skill level 1 in Shields
  4720 | D:5      | Identified the +2 spear of Valour {antimagic, rElec rPois}
  4810 | D:5      | Reached *** piety under Trog
  4811 | D:5      | Reached skill level 9 in Axes
  4811 | D:5      | Gained mutation: You curl defensively after being hit.
                  | [Palentonga growth]
  4811 | D:5      | Reached XP level 7. HP: 55/55 MP: 5/7
  4878 | D:5      | Found an iron altar of Okawaru.
  5677 | D:6      | Reached skill level 10 in Axes
  5867 | D:6      | Reached XP level 8. HP: 60/62 MP: 8/8
  5902 | D:6      | Noticed Maggie
  5911 | D:6      | Killed Maggie
  5912 | D:6      | Reached skill level 11 in Axes
  5976 | D:6      | Found a staircase to the Ecumenical Temple.
  6058 | D:6      | Reached skill level 5 in Shields
  6169 | D:6      | Reached skill level 12 in Axes
  7017 | D:7      | Reached XP level 9. HP: 67/67 MP: 7/9
  7076 | D:7      | Found a runed translucent door.
  7337 | D:7      | Reached **** piety under Trog
  8076 | D:7      | Noticed PigKeeper's ghost (amateur TeFE)
  8203 | D:7      | Killed PigKeeper's ghost
  8204 | D:7      | Reached skill level 13 in Axes
  8357 | D:8      | Paralysed by a hornet for 3 turns
  8369 | D:7      | Slain by a hornet

Illustrated notes

Levels and vault maps discovered:
D:1:      minmay_arrival_stair_chambers, layout_basic
D:2:      minmay_thinvault, layout_loops_ring, minmay_hexomino_c4, uniq_jessica
D:3:      layout_basic, grunt_temple_overflow_open,
          hellmonk_ecumenical_altar_blasted, minmay_diced_spiral
D:4:      wander_river, layout_rooms, amcnicky_altar_gilded, lemuel_flame_loot_1
D:5:      layout_cave_pods, kennysheep_mini_moat
D:6:      layout_layer_cave, minmay_temple_entry_gardened_gates, uniq_maggie
D:7:      layout_basic, ebering_ghost_reflecting_pool
D:8:      layout_rooms

Skill      XL: |  1  2  3  4  5  6  7  8  9 |
---------------+----------------------------+-----
Axes           | 4 5 7 9 10 12 13 | 13.2
Shields        | 1 3 5 6 |  6.4
Fighting       | |  3.0
Armour         | |  1.5
Dodging        | |  1.5

Action                   |  1- 3 |  4- 6 |  7- 9 || total
-------------------------+-------+-------+-------++-------
Melee: Hand axe          |    88 |    34 |       ||   122
       Tailslap          |     6 |     9 |    15 ||    30
       Broad axe         |       |    95 |   117 ||   212
Invok: Berserk           |     1 |     7 |    10 ||    18
       Trog's Hand       |       |       |     1 ||     1
  Use: Scroll            |       |     9 |       ||     9
       Potion            |       |       |     4 ||     4
 Stab: Sleeping          |     1 |       |       ||     1
Armor: Animal skin       |    35 |       |       ||    35
       Ring mail         |     4 |     7 |       ||    11
       Chain mail        |       |    74 |    41 ||   115
Dodge: Dodged            |    31 |    50 |    34 ||   115
Block: Buckler           |       |     2 |    20 ||    22

Table legend: (Time is in decaauts)
 A = Elapsed time spent in this place.
 B = Non-inter-level travel time spent in this place.
 C = Inter-level travel time spent in this place.
 D = Time resting spent in this place.
 E = Time spent auto-exploring this place.
 F = Levels seen in this place.
 G = Mean time per level.
                   A        B        C        D        E       F      G
               +--------+--------+--------+--------+--------+-----+--------+
         Total |   8591 |   8336 |    255 |   1657 |   5758 |   8 | 1073.9 |
       Dungeon |   8591 |   8336 |    255 |   1657 |   5758 |   8 | 1073.9 |
               +--------+--------+--------+--------+--------+-----+--------+

Top non-repeatable levels by time:
     D:7: 1385 daAuts
     D:6: 1382 daAuts
     D:2: 1371 daAuts
     D:3: 1344 daAuts
     D:5: 1187 daAuts
     D:1: 1047 daAuts
     D:4: 854 daAuts
     D:8: 16 daAuts
